 Dungeon Crawl Stone Soup version 0.31.0-12-g77e489cdc1 (webtiles) character file.

Game seed: 14349375959094944167

317 jagang the Slasher (level 6, -3/49 HPs)
             Began as a Human Monk on Feb 19, 2024.
             Slain by an iguana (8 damage)
             ... on level 4 of the Dungeon.
             The game lasted 00:05:13 (3275 turns).

jagang the Slasher (Human Monk)                     Turns: 3275, Time: 00:05:13

Health: -3/49      AC: 12    Str: 11    XL:     6   Next: 45%
Magic:  6/6        EV:  7    Int: 10    God:
Gold:   276        SH:  5    Dex: 18    Spells: 5/5 levels left

rFire   . . .        a - +0 falchion
rCold   . . .        d - orb {light}
rNeg    . . .        b - +0 chain mail
rPois   +            f - +2 helmet
rElec   .            (no cloak)
rCorr   .            (no gloves)
SInv    +            (no boots)
Will    .....        j - amulet of reflection Stlth
                     k - ring of see invisible
HPRegen 0.28/turn    q - ring of poison resistance
MPRegen 0.10/turn

%: reflection
@: glowing
A: explore regen
a: no special abilities


You were on level 4 of the Dungeon.
You visited 1 branch of the dungeon, and saw 5 of its levels.

You collected 276 gold pieces.

Inventory:

Hand Weapons
 a - a +0 falchion (weapon)
Missiles
 C - 3 poisoned darts (quivered)
Armour
 b - a +0 chain mail (worn)
 d - an orb of light (worn)
 f - a +2 helmet (worn)
 o - the -1 helmet "Rophika" {rElec rCorr Dex-4 Stlth+}
   (You took it off Robin on level 2 of the Dungeon)

   Dex-4:     It affects your dexterity (-4).
   rElec:     It insulates you from electricity.
   rCorr:     It protects you from acid and corrosion.
   Stlth+:    It makes you more stealthy.
Jewellery
 j - an amulet of reflection (around neck)
 k - a ring of see invisible (left hand)
 q - a ring of poison resistance (right hand)
 B - a ring of flight
Wands
 u - a wand of iceblast (7)
Scrolls
 e - 2 scrolls of enchant armour
 g - 3 scrolls of teleportation
 h - 4 scrolls of revelation
 n - a scroll of fog
 s - a scroll of immolation {unknown}
 t - a scroll of torment {unknown}
 y - a scroll of vulnerability {unknown}
 A - a scroll of silence {unknown}
Potions
 c - 2 potions of ambrosia
 i - a potion of resistance {unknown}
 l - a potion of haste {unknown}
 m - a potion of enlightenment {unknown}
 p - a potion of heal wounds {unknown}
 r - a potion of might {unknown}
 v - a potion of attraction {unknown}
 w - 2 potions of invisibility {unknown}
 x - a potion of brilliance {unknown}
 z - a potion of magic {unknown}
 D - a potion of lignification {unknown}


   Skills:
 + Level 4.3 Fighting
 * Level 5.4 Long Blades
 + Level 2.8 Armour
 - Level 3.0 Dodging


You had 5 spell levels left.
You didn't know any spells.
Your spell library contained the following spells:

 Spells                   Type           Power      Damage    Failure   Level
 Anguish                  Hex/Necr       0%         N/A       100%        4
 Cause Fear               Hex            0%         N/A       100%        4
 Enfeeble                 Hex            0%         N/A       100%        7


Dungeon Overview and Level Annotations

Branches:
Dungeon (5/15)
 Temple: D:4-7

Altars:
Ashenzari
Nemelex Xobeh

Annotations:
D:3 2 transporters, Zeo's ghost, novice BaHu
D:5 Blork the orc; Pikel


Innate Abilities, Weirdness & Mutations

You regain HP and MP as you explore.


Message History

You kill the lemure!
That felt strangely unrewarding.
The iguana hisses menacingly.
You hit the lemure but do no damage. The lemure closely misses you.
You hit the lemure.
The lemure is lightly wounded.
The lemure hits you but does no damage.
You hit the lemure.
The lemure is moderately wounded.
The lemure hits you but does no damage.
You hit the lemure.
The lemure is moderately wounded.
The lemure hits you but does no damage.
You slash the lemure!
The lemure is severely wounded.
The lemure hits you.
You hit the lemure but do no damage.
The lemure is severely wounded.
The lemure hits you but does no damage.
You hit the lemure.
The lemure is severely wounded.
The lemure hits you.
* * * LOW HITPOINT WARNING * * *
You hit the lemure.
The lemure is almost dead.
The lemure hits you but does no damage.
You hit the lemure but do no damage.
The lemure is almost dead.
The lemure hits you but does no damage.
You slash the lemure!
You kill the lemure!
That felt strangely unrewarding.
You hit the iguana but do no damage. The iguana bites you!
* * * LOW HITPOINT WARNING * * *
You completely miss the iguana.
The iguana bites you but does no damage.
You hit the iguana.
The iguana is moderately wounded.
The iguana bites you!
You die...

.........#...#..##....#.###.#
.........#.###...#...##.#...#
......[..#.# #......###...###
...........# #.##..###..###
..........####.######...#
............##...)......#
###########..#..<#.#....#
##.#####...#### #....@l>###
#.#####.# #######.# #.#
#.......# #.# #.####### #.#
#.# #.# #.# #.# #.# #.#
#.###########.#


You could see an iguana.

Vanquished Creatures
  2 lemures (D:4)
  A scorpion (D:4)
  A bombardier beetle (D:4)
  A hound (D:2)
  Ijyb (D:4)
  An iguana (D:4)
  Robin (D:2)
  3 adders
  3 gnolls (D:4)
  3 dart slugs
  A ribbon worm (D:2)
  7 endoplasms
  2 giant cockroaches
  8 hobgoblins
  3 jackals (D:3)
  A quokka (D:3)
  7 ball pythons
  5 bats
  5 frilled lizards
  15 goblins
  3 kobolds
  2 rats
76 creatures vanquished.

Vanquished Creatures (others)
  A goblin (D:2)
1 creature vanquished.

Grand Total: 77 creatures vanquished

Notes
Turn   | Place    | Note
-------+----------+-------------------------------------------
     0 | D:1      | jagang the Human Monk began the quest for the Orb.
     0 | D:1      | Reached XP level 1. HP: 18/18 MP: 1/1
   307 | D:1      | Found a faded altar of an unknown god.
   458 | D:1      | Reached XP level 2. HP: 24/24 MP: 2/2
  1007 | D:2      | Reached skill level 1 in Armour
  1007 | D:2      | Reached XP level 3. HP: 15/29 MP: 3/3
  1240 | D:2      | Identified the -1 helmet "Rophika" {rElec rCorr Dex-4
                  | Stlth+}
  1240 | D:2      | Noticed Robin
  1258 | D:2      | Reached skill level 4 in Long Blades
  1260 | D:2      | Reached XP level 4. HP: 17/35 MP: 4/4
  1262 | D:2      | Killed Robin
  2174 | D:3      | Reached XP level 5. HP: 42/42 MP: 5/5
  2198 | D:3      | Found a transporter.
  2201 | D:3      | Noticed Zeo's ghost (novice BaHu)
  2247 | D:3      | Found a transporter.
  2743 | D:4      | Noticed Ijyb
  2768 | D:4      | Killed Ijyb
  2769 | D:4      | Reached skill level 5 in Long Blades
  2923 | D:4      | Reached XP level 6. HP: 48/48 MP: 6/6
  3222 | D:4      | Found a sparkling altar of Nemelex Xobeh.
  3250 | D:5      | Entered Level 5 of the Dungeon
  3250 | D:5      | Noticed Blork the orc
  3250 | D:5      | Noticed Pikel
  3250 | D:5      | Found a broken altar of Ashenzari.
  3275 | D:4      | Slain by an iguana

Illustrated notes

Levels and vault maps discovered:
D:1:      nicolae_arrival_washed_ashore, layout_loops_corners,
          ebering_ecumenical_altar_abandoned, nrook_uturn
D:2:      layout_loops_corners, minmay_randomly_rotated_circles, uniq_robin
D:3:      layout_rooms, gammafunk_ghost_arena
D:4:      layout_basic, mainiacjoe_overflow_alcove_1, reono_crystal_passage,
          minmay_cupped, uniq_ijyb
D:5:      layout_basic, cheibrodos_ashenzari_chains,
          minmay_temple_entry_proselytizer, dreamdust_princess_bridge,
          uniq_blork_the_orc, uniq_pikel, uniq_grinder, uniq_sigmund

Skill      XL: |  1  2  3  4  5 |
---------------+----------------+-----
Armour         | 1 2 |  2.8
Long Blades    | 4 5 |  5.4
Fighting       | 4 |  4.3
Dodging        | |  3.0

Action                     |  1- 3 |  4- 6 || total
---------------------------+-------+-------++-------
  Melee: Falchion          |    57 |   169 ||   226
  Throw: Dart              |       |     3 ||     3
    Use: Scroll            |       |     4 ||     4
 Armour: Chain mail        |    52 |   161 ||   213
         Ring mail         |     1 |       ||     1
  Dodge: Dodged            |    21 |    57 ||    78
